[Event "Live Chess"]
[Site "Chess.com"]
[Date "2010.12.11"]
[Round "-"]
[White "cool1000"]
[Black "hipposcottimus"]
[Result "1-0"]
[CurrentPosition "8/p1p2k2/8/6p1/3KP1P1/2N5/5PP1/1r6 b - -"]
[Timezone "UTC"]
[ECO "C23"]
[ECOUrl "https://www.chess.com/openings/Bishops-Opening-2...Nc6"]
[UTCDate "2010.12.11"]
[UTCTime "00:35:43"]
[WhiteElo "1583"]
[BlackElo "1666"]
[TimeControl "60"]
[Termination "cool1000 won on time"]
[StartTime "00:35:43"]
[EndDate "2010.12.11"]
[EndTime "00:37:55"]
[Link "https://www.chess.com/game/live/76071927"]

1. e4 e5 2. Bc4 Nc6 3. Bxf7+ Kxf7 4. d3 Nf6 5. c3 Bc5 6. Nf3 Rf8 7. Ng5+ Kg8 8. Qb3+ d5 9. c4 Na5 10. Qd1 dxc4 11. a3 cxd3 12. b4 Bxb4+ 13. axb4 Ng4 14. O-O Nc4 15. Qb3 b5 16. Ra5 Be6 17. Rxb5 d2 18. Bxd2 Nxd2 19. Qxe6+ Kh8 20. Nf7+ Rxf7 21. Qxf7 Nxf1 22. h3 Qd1 23. hxg4 Ng3+ 24. Kh2 Qh1+ 25. Kxg3 Qh6 26. Qf3 Qf4+ 27. Qxf4 exf4+ 28. Kxf4 Rf8+ 29. Ke3 h6 30. Nc3 g5 31. Nd5 Kg7 32. Ne7 Rf7 33. Nf5+ Kf6 34. Rb8 Re7 35. Rb7 Re5 36. Rb5 Rxb5 37. Nxh6 Rxb4 38. Ng8+ Kg7 39. Ne7 Rb3+ 40. Kd4 Kf7 41. Nd5 Rb1 42. Nc3 1-0

[Event "Live Chess"]
[Site "Chess.com"]
[Date "2010.12.11"]
[Round "-"]
[White "hipposcottimus"]
[Black "heartattacker"]
[Result "1-0"]
[CurrentPosition "r5r1/P3Qk2/4b1p1/2B2p2/8/8/1PP2PPP/R3R1K1 b - -"]
[Timezone "UTC"]
[ECO "B01"]
[ECOUrl "https://www.chess.com/openings/Scandinavian-Defense-Mieses-Kotrc-Variation-3.Nc3-Qe5-4.Be2"]
[UTCDate "2010.12.11"]
[UTCTime "00:33:15"]
[WhiteElo "1675"]
[BlackElo "1721"]
[TimeControl "60"]
[Termination "hipposcottimus won by checkmate"]
[StartTime "00:33:15"]
[EndDate "2010.12.11"]
[EndTime "00:34:49"]
[Link "https://www.chess.com/game/live/76071429"]

1. e4 d5 2. exd5 Qxd5 3. Nc3 Qe5+ 4. Be2 Nf6 5. d4 Qe6 6. Nf3 Nc6 7. Ng5 Qd6 8. O-O h6 9. Nb5 Qxd4 10. Nxd4 Nxd4 11. Qxd4 hxg5 12. Bxg5 Be6 13. Bb5+ c6 14. Bxc6+ Nd7 15. Qa4 O-O-O 16. Bxb7+ Kxb7 17. Qb4+ Ka8 18. Be3 Rb8 19. Qd4 Nb6 20. a4 g6 21. a5 Bg7 22. Qxg7 Rhg8 23. Qd4 f5 24. axb6 Kb7 25. bxa7 Ra8 26. Qb6+ Kc8 27. Bc5 Kd7 28. Qb7+ Ke8 29. Rfe1 Kf7 30. Qxe7# 1-0

[Event "Live Chess"]
[Site "Chess.com"]
[Date "2010.12.11"]
[Round "-"]
[White "TigerPop"]
[Black "hipposcottimus"]
[Result "0-1"]
[CurrentPosition "7k/pK5p/1P6/5b2/P7/8/5rqb/8 w - -"]
[Timezone "UTC"]
[ECO "D00"]
[ECOUrl "https://www.chess.com/openings/Queens-Pawn-Opening-Levitsky-Attack-2...c6"]
[UTCDate "2010.12.11"]
[UTCTime "00:30:26"]
[WhiteElo "1565"]
[BlackElo "1666"]
[TimeControl "60"]
[Termination "hipposcottimus won on time"]
[StartTime "00:30:26"]
[EndDate "2010.12.11"]
[EndTime "00:32:46"]
[Link "https://www.chess.com/game/live/76070773"]

1. d4 d5 2. Bg5 c6 3. c4 f6 4. Bh4 e6 5. e3 Be7 6. Qh5+ g6 7. Qf3 g5 8. Bg3 Nh6 9. Bxb8 Rxb8 10. c5 Nf5 11. Bd3 Bf8 12. Bxf5 exf5 13. Nc3 Bg7 14. e4 O-O 15. e5 fxe5 16. O-O-O exd4 17. Nce2 g4 18. Qd3 Bh6+ 19. Kb1 Bg7 20. g3 b6 21. Nf4 bxc5 22. a3 Qb6 23. Rd2 c4 24. Qc2 c3 25. b4 cxd2 26. Qxd2 Bh6 27. Nge2 d3 28. Qa2 Qxf2 29. Nxd5 Qxe2 30. Nc3+ Kh8 31. Nxe2 dxe2 32. Qxe2 Re8 33. Qg2 Be6 34. Qxc6 Rbc8 35. Qxc8 f4 36. Re1 Bf5+ 37. Ka2 Rxc8 38. Re8+ Rxe8 39. gxf4 Re2+ 40. Kb3 Bxf4 41. Ka4 Bxh2 42. Ka5 Rf2 43. a4 g3 44. b5 g2 45. Ka6 g1=Q 46. b6 Qf1+ 47. Kb7 Qg2+ 0-1

[Event "Live Chess"]
[Site "Chess.com"]
[Date "2010.12.11"]
[Round "-"]
[White "Camilosub-master_92"]
[Black "hipposcottimus"]
[Result "1-0"]
[CurrentPosition "rnb2rk1/ppp4Q/1n2p3/3pP2P/8/2PB1N2/P1P2PP1/R3K2R b KQ -"]
[Timezone "UTC"]
[ECO "C11"]
[ECOUrl "https://www.chess.com/openings/French-Defense-Classical-Variation"]
[UTCDate "2010.12.11"]
[UTCTime "00:29:17"]
[WhiteElo "1809"]
[BlackElo "1660"]
[TimeControl "60"]
[Termination "Camilosub-master_92 won by checkmate"]
[StartTime "00:29:17"]
[EndDate "2010.12.11"]
[EndTime "00:29:50"]
[Link "https://www.chess.com/game/live/76070600"]

1. d4 d5 2. Nc3 Nf6 3. e4 e6 4. e5 Nfd7 5. Nf3 f6 6. Bd3 fxe5 7. dxe5 Bb4 8. Be3 Bxc3+ 9. bxc3 Nb6 10. Qd2 O-O 11. h3 Qe7 12. h4 Qf7 13. h5 h6 14. Bxh6 gxh6 15. Qxh6 Qh7 16. Qxh7# 1-0

[Event "Live Chess"]
[Site "Chess.com"]
[Date "2010.12.11"]
[Round "-"]
[White "hipposcottimus"]
[Black "Camilosub-master_92"]
[Result "0-1"]
[CurrentPosition "5rk1/pp1Q3R/2p3pp/3p4/6r1/2N3P1/PPP2q2/4R1K1 w - -"]
[Timezone "UTC"]
[ECO "B01"]
[ECOUrl "https://www.chess.com/openings/Scandinavian-Defense-Blackburne-Kloosterboer-Gambit"]
[UTCDate "2010.12.11"]
[UTCTime "00:26:52"]
[WhiteElo "1666"]
[BlackElo "1752"]
[TimeControl "60"]
[Termination "Camilosub-master_92 won on time"]
[StartTime "00:26:52"]
[EndDate "2010.12.11"]
[EndTime "00:29:06"]
[Link "https://www.chess.com/game/live/76070048"]

1. e4 d5 2. exd5 c6 3. d6 exd6 4. Nf3 Nf6 5. d4 Bg4 6. Bg5 Bxf3 7. Qxf3 Be7 8. Bc4 h6 9. Bh4 d5 10. Bd3 Nbd7 11. O-O Ne4 12. Bxe4 Bxh4 13. Bd3 O-O 14. Qf5 g6 15. Qf4 Bg5 16. Qf3 Nf6 17. Qg3 Nh5 18. Qg4 f5 19. Bxf5 Rxf5 20. h4 Rf4 21. Qe6+ Kh7 22. hxg5 Qxg5 23. Qd7+ Ng7 24. Nc3 Rh4 25. Rfe1 Qf4 26. g3 Rg4 27. Re3 Qxd4 28. Re7 Rf8 29. Rxg7+ Kh8 30. Rh7+ Kg8 31. Re1 Qxf2+ 0-1

[Event "Live Chess"]
[Site "Chess.com"]
[Date "2010.12.11"]
[Round "-"]
[White "Camilosub-master_92"]
[Black "hipposcottimus"]
[Result "1-0"]
[CurrentPosition "r1bk3R/pp4Q1/2n1p3/8/1P6/5P2/2P2P2/R3K3 b Q -"]
[Timezone "UTC"]
[ECO "D00"]
[ECOUrl "https://www.chess.com/openings/Queens-Pawn-Opening-Chigorin-Variation-2...c6-3.e4"]
[UTCDate "2010.12.11"]
[UTCTime "00:24:59"]
[WhiteElo "1667"]
[BlackElo "1674"]
[TimeControl "60"]
[Termination "Camilosub-master_92 won by checkmate"]
[StartTime "00:24:59"]
[EndDate "2010.12.11"]
[EndTime "00:26:36"]
[Link "https://www.chess.com/game/live/76069665"]

1. d4 d5 2. Nc3 c6 3. e4 e6 4. e5 f6 5. Nf3 fxe5 6. dxe5 Nf6 7. Bd3 Nfd7 8. Be3 Bb4 9. Qd2 c5 10. a3 d4 11. axb4 dxc3 12. bxc3 cxb4 13. cxb4 O-O 14. h4 Nc6 15. h5 Ndxe5 16. h6 Nxf3+ 17. gxf3 Qf6 18. hxg7 Rf7 19. Bxh7+ Kxg7 20. Bh6+ Kxh7 21. Bg5+ Kg6 22. Rh6+ Kg7 23. Bxf6+ Rxf6 24. Qg5+ Rg6 25. Qxg6+ Kf8 26. Qf6+ Ke8 27. Qg7 Kd8 28. Rh8# 1-0

[Event "Live Chess"]
[Site "Chess.com"]
[Date "2010.12.11"]
[Round "-"]
[White "hipposcottimus"]
[Black "onedaime"]
[Result "1-0"]
[CurrentPosition "8/8/8/6pp/Rp3k2/P1b5/6PP/6K1 b - -"]
[Timezone "UTC"]
[ECO "C41"]
[ECOUrl "https://www.chess.com/openings/Philidor-Defense-3.Bc4-Nf6"]
[UTCDate "2010.12.11"]
[UTCTime "00:21:32"]
[WhiteElo "1684"]
[BlackElo "1533"]
[TimeControl "60"]
[Termination "hipposcottimus won on time"]
[StartTime "00:21:32"]
[EndDate "2010.12.11"]
[EndTime "00:23:24"]
[Link "https://www.chess.com/game/live/76068934"]

1. e4 e5 2. Nf3 d6 3. Bc4 Nf6 4. d4 h6 5. dxe5 dxe5 6. Qxd8+ Kxd8 7. Nxe5 Ke7 8. Bxf7 Be6 9. Bh5 Nxh5 10. Ng6+ Kf7 11. Nxh8+ Kg8 12. Ng6 Kf7 13. Nf4 Nxf4 14. Bxf4 g5 15. Bxc7 Nd7 16. Ba5 Rc8 17. Bc3 Nf6 18. O-O Nxe4 19. Bd4 Rd8 20. f3 Rxd4 21. fxe4+ Ke7 22. Nc3 b5 23. Rfe1 b4 24. Nd5+ Bxd5 25. exd5+ Kd6 26. c4 Rxc4 27. Re6+ Kxd5 28. Rf6 Bg7 29. Rf5+ Ke4 30. Rf7 Bxb2 31. Rb1 Rc1+ 32. Rxc1 Bxc1 33. Rxa7 h5 34. Rb7 Bd2 35. Ra7 Bc3 36. Ra4 Kf4 37. a3 1-0

[Event "Live Chess"]
[Site "Chess.com"]
[Date "2010.12.11"]
[Round "-"]
[White "SUPREM3"]
[Black "hipposcottimus"]
[Result "1-0"]
[CurrentPosition "2r5/4k1pp/2Pb4/1B1K1p2/8/8/5nPP/2R5 b - -"]
[Timezone "UTC"]
[ECO "D00"]
[ECOUrl "https://www.chess.com/openings/Queens-Pawn-Opening-1...d5"]
[UTCDate "2010.12.11"]
[UTCTime "00:18:25"]
[WhiteElo "1567"]
[BlackElo "1679"]
[TimeControl "60"]
[Termination "SUPREM3 won on time"]
[StartTime "00:18:25"]
[EndDate "2010.12.11"]
[EndTime "00:20:39"]
[Link "https://www.chess.com/game/live/76068266"]

1. d4 d5 2. b3 c6 3. e3 b5 4. c4 e6 5. c5 Be7 6. b4 f5 7. a4 Nf6 8. axb5 Nbd7 9. bxc6 Nf8 10. Bb5 Qc7 11. Qa4 a6 12. Bc4 Ng6 13. Bd3 O-O 14. b5 Ne4 15. bxa6 Nxc5 16. dxc5 Bxc5 17. Nc3 Bb6 18. Nb5 Qd8 19. Qb4 Bxa6 20. Kd2 Bxb5 21. Rxa8 Qxa8 22. Bxb5 Bc7 23. Ne2 Qa2+ 24. Qb2 Qxb2+ 25. Bxb2 Ba5+ 26. Bc3 Bc7 27. Rb1 Rc8 28. Ba5 Bxa5+ 29. Nc3 Bc7 30. Nxd5 Bd6 31. Kd3 Kf7 32. Ne7 Kxe7 33. Rc1 Ne5+ 34. Kd4 Ng4 35. e4 Nxf2 36. exf5 exf5 37. Kd5 1-0

[Event "Live Chess"]
[Site "Chess.com"]
[Date "2010.12.11"]
[Round "-"]
[White "patoplush"]
[Black "hipposcottimus"]
[Result "0-1"]
[CurrentPosition "r4rk1/ppp3p1/2n4p/2b1N3/8/2P3P1/PP2qP1P/5RK1 w - -"]
[Timezone "UTC"]
[ECO "C44"]
[ECOUrl "https://www.chess.com/openings/Ponziani-Opening-Jaenisch-Counterattack-4.d4-Nxe4"]
[UTCDate "2010.12.11"]
[UTCTime "00:16:43"]
[WhiteElo "1571"]
[BlackElo "1679"]
[TimeControl "60"]
[Termination "hipposcottimus won on time"]
[StartTime "00:16:43"]
[EndDate "2010.12.11"]
[EndTime "00:18:09"]
[Link "https://www.chess.com/game/live/76067712"]

1. e4 e5 2. Nf3 Nc6 3. c3 Nf6 4. d4 Nxe4 5. dxe5 d6 6. Bd3 f5 7. Qe2 dxe5 8. Bxe4 fxe4 9. Qxe4 Bd6 10. O-O O-O 11. Nbd2 Bf5 12. Qe2 Qf6 13. Ne4 Qg6 14. Nfg5 Be7 15. Be3 h6 16. Nf3 Bh3 17. g3 Bxf1 18. Rxf1 Qxe4 19. Bc5 Qxe2 20. Nxe5 Bxc5 0-1

[Event "Live Chess"]
[Site "Chess.com"]
[Date "2010.12.10"]
[Round "-"]
[White "hipposcottimus"]
[Black "rooktoorook"]
[Result "0-1"]
[CurrentPosition "5rk1/6pp/3bpp2/1P6/Q4P2/3R4/5qPP/7K b - -"]
[Timezone "UTC"]
[ECO "B10"]
[ECOUrl "https://www.chess.com/openings/Caro-Kann-Defense-2.Nf3"]
[UTCDate "2010.12.10"]
[UTCTime "22:40:06"]
[WhiteElo "1673"]
[BlackElo "1452"]
[TimeControl "60"]
[Termination "rooktoorook won by resignation"]
[StartTime "22:40:06"]
[EndDate "2010.12.10"]
[EndTime "22:42:03"]
[Link "https://www.chess.com/game/live/76044604"]

1. e4 c6 2. Nf3 e6 3. Bc4 d5 4. exd5 cxd5 5. Bb5+ Nc6 6. d4 a6 7. Ba4 b5 8. Bb3 Qb6 9. O-O Be7 10. Be3 Nf6 11. Ne5 Qc7 12. c3 Nxe5 13. dxe5 Nd7 14. Bd4 Nxe5 15. Bxe5 Qxe5 16. f4 Qd6 17. Bc2 Bb7 18. b3 f6 19. c4 d4 20. cxb5 axb5 21. Bd3 Qc5 22. a4 bxa4 23. bxa4 Ba6 24. Bb5+ Bxb5 25. Na3 Ba6 26. Nb5 Bxb5 27. axb5 Rxa1 28. Qxa1 O-O 29. Qa4 d3+ 30. Kh1 Bd6 31. Rd1 Qf2 32. Rxd3 0-1

[Event "Live Chess"]
[Site "Chess.com"]
[Date "2010.12.10"]
[Round "-"]
[White "Delton1"]
[Black "hipposcottimus"]
[Result "1-0"]
[CurrentPosition "r1bq1Bk1/p2n1ppp/2p5/3pp3/3P4/2P5/PP2BPPP/RN1Q1RK1 b - -"]
[Timezone "UTC"]
[ECO "D02"]
[ECOUrl "https://www.chess.com/openings/London-System"]
[UTCDate "2010.12.10"]
[UTCTime "22:27:18"]
[WhiteElo "1413"]
[BlackElo "1432"]
[TimeControl "600"]
[Termination "Delton1 won by resignation"]
[StartTime "22:27:18"]
[EndDate "2010.12.10"]
[EndTime "22:28:39"]
[Link "https://www.chess.com/game/live/76041409"]

1. d4 d5 2. Nf3 Nf6 3. Bf4 e6 4. e3 c5 5. Be2 cxd4 6. exd4 Nc6 7. O-O Bd6 8. Ne5 O-O 9. c3 Nd7 10. Nxc6 bxc6 11. Bxd6 e5 12. Bxf8 1-0

[Event "Live Chess"]
[Site "Chess.com"]
[Date "2010.12.10"]
[Round "-"]
[White "jordan_1"]
[Black "hipposcottimus"]
[Result "1-0"]
[CurrentPosition "r2r4/ppp1nkpp/8/2b5/Q3PpP1/B1P5/P1KNN1P1/R7 b - -"]
[Timezone "UTC"]
[ECO "B01"]
[ECOUrl "https://www.chess.com/openings/Scandinavian-Defense-Closed"]
[UTCDate "2010.12.10"]
[UTCTime "22:14:58"]
[WhiteElo "1508"]
[BlackElo "1685"]
[TimeControl "60"]
[Termination "jordan_1 won on time"]
[StartTime "22:14:58"]
[EndDate "2010.12.10"]
[EndTime "22:17:03"]
[Link "https://www.chess.com/game/live/76038186"]

1. Nc3 d5 2. e4 d4 3. Nce2 e5 4. d3 f5 5. f4 fxe4 6. dxe4 Bg4 7. h3 Qh4+ 8. Kd2 exf4 9. hxg4 Qxh1 10. Nf3 Bb4+ 11. c3 dxc3+ 12. bxc3 Bc5 13. Qa4+ Nc6 14. Ned4 Qxf1 15. Nxc6 Qf2+ 16. Kd3 Qe3+ 17. Kc2 Qe2+ 18. Nd2 Ne7 19. Nd4+ Kf7 20. Nxe2 Rhd8 21. Ba3 1-0

[Event "Live Chess"]
[Site "Chess.com"]
[Date "2010.12.10"]
[Round "-"]
[White "caze"]
[Black "hipposcottimus"]
[Result "0-1"]
[CurrentPosition "1R6/5p1p/p2r1pk1/3P3N/4p1r1/6P1/2P2P1P/1R4K1 w - -"]
[Timezone "UTC"]
[ECO "C23"]
[ECOUrl "https://www.chess.com/openings/Bishops-Opening-2...Nc6-3.d3-Nf6"]
[UTCDate "2010.12.10"]
[UTCTime "22:11:02"]
[WhiteElo "1413"]
[BlackElo "1685"]
[TimeControl "60"]
[Termination "hipposcottimus won on time"]
[StartTime "22:11:02"]
[EndDate "2010.12.10"]
[EndTime "22:13:15"]
[Link "https://www.chess.com/game/live/76037216"]

1. e4 e5 2. Bc4 Nc6 3. d3 Nf6 4. Bg5 d5 5. exd5 Na5 6. b3 Nxc4 7. bxc4 Qd6 8. Qe2 Be7 9. Nc3 a6 10. Nf3 Qb4 11. Qd2 Qb2 12. Rb1 Qa3 13. O-O Bb4 14. Rb3 Qa5 15. Bxf6 gxf6 16. Rfb1 Bxc3 17. Qxc3 Qxa2 18. d4 e4 19. Nh4 Qa4 20. Rb4 Qd7 21. d6 Qg4 22. g3 Qg5 23. c5 O-O 24. d5 Kh8 25. Ng2 Rg8 26. Qe3 Bh3 27. Qxg5 Rxg5 28. Nf4 cxd6 29. Nxh3 Rg6 30. cxd6 Rd8 31. Rxb7 Rxd6 32. Rb8+ Kg7 33. Nf4 Rg4 34. Nh5+ Kg6 0-1

[Event "Live Chess"]
[Site "Chess.com"]
[Date "2010.12.10"]
[Round "-"]
[White "hipposcottimus"]
[Black "jcodygray"]
[Result "1-0"]
[CurrentPosition "k1Q4N/p1p3pp/2P5/8/N7/8/PPP3PP/2KR3R b - -"]
[Timezone "UTC"]
[ECO "C00"]
[ECOUrl "https://www.chess.com/openings/French-Defense-Steinitz-Attack"]
[UTCDate "2010.12.10"]
[UTCTime "22:04:57"]
[WhiteElo "1676"]
[BlackElo "1600"]
[TimeControl "60"]
[Termination "hipposcottimus won by checkmate"]
[StartTime "22:04:57"]
[EndDate "2010.12.10"]
[EndTime "22:06:11"]
[Link "https://www.chess.com/game/live/76035611"]

1. e4 e6 2. e5 Ne7 3. d4 d6 4. f4 dxe5 5. fxe5 f6 6. Nf3 fxe5 7. Nxe5 Ng6 8. Qh5 Qf6 9. Bg5 Qf5 10. Bd3 Qe4+ 11. Bxe4 Nc6 12. Nxg6 Be7 13. Nxh8+ Kd7 14. Bxc6+ bxc6 15. Bxe7 Kxe7 16. Qf7+ Kd6 17. Nc3 Ba6 18. O-O-O c5 19. dxc5+ Kc6 20. Qxe6+ Kb7 21. Na4 Re8 22. c6+ Ka8 23. Qxe8+ Bc8 24. Qxc8# 1-0

[Event "Live Chess"]
[Site "Chess.com"]
[Date "2010.12.10"]
[Round "-"]
[White "jcodygray"]
[Black "hipposcottimus"]
[Result "1-0"]
[CurrentPosition "rR6/P2b2pp/1K4k1/8/1P6/8/2P5/8 b - -"]
[Timezone "UTC"]
[ECO "A00"]
[ECOUrl "https://www.chess.com/openings/Vant-Kruijs-Opening-1...e5"]
[UTCDate "2010.12.10"]
[UTCTime "22:02:58"]
[WhiteElo "1607"]
[BlackElo "1669"]
[TimeControl "60"]
[Termination "jcodygray won on time"]
[StartTime "22:02:58"]
[EndDate "2010.12.10"]
[EndTime "22:04:49"]
[Link "https://www.chess.com/game/live/76035008"]

1. e3 e5 2. Ne2 d5 3. Rg1 f5 4. g3 Nf6 5. Bg2 c5 6. d3 e4 7. Nd2 c4 8. dxe4 c3 9. f3 cxd2+ 10. Qxd2 dxe4 11. fxe4 Qxd2+ 12. Bxd2 Nxe4 13. O-O-O Nf2 14. Rdf1 Ne4 15. Nc3 Nxd2 16. Kxd2 Bb4 17. a3 Bxc3+ 18. Kxc3 O-O 19. h4 Nc6 20. Bh3 Be6 21. g4 Rac8 22. gxf5 Ne7+ 23. Kb4 Nxf5 24. Bxf5 Bxf5 25. Rg2 Bh3 26. Rxf8+ Rxf8 27. Rd2 Rf3 28. Rd3 Bf1 29. Rc3 Rh3 30. a4 Rxh4+ 31. Ka3 Bg2 32. a5 Bd5 33. b4 Kf7 34. a6 b6 35. Rc7+ Kg6 36. Rxa7 Bf7 37. Rd7 Rh3 38. a7 Rxe3+ 39. Ka4 Re8 40. Kb5 Ra8 41. Kxb6 Be8 42. Rb7 Bd7 43. Rb8 1-0

[Event "Live Chess"]
[Site "Chess.com"]
[Date "2010.12.10"]
[Round "-"]
[White "hipposcottimus"]
[Black "jcodygray"]
[Result "0-1"]
[CurrentPosition "8/8/8/2p5/6k1/8/3K4/7q w - -"]
[Timezone "UTC"]
[ECO "C00"]
[ECOUrl "https://www.chess.com/openings/French-Defense-Knight-Variation"]
[UTCDate "2010.12.10"]
[UTCTime "22:00:21"]
[WhiteElo "1678"]
[BlackElo "1596"]
[TimeControl "60"]
[Termination "jcodygray won on time"]
[StartTime "22:00:21"]
[EndDate "2010.12.10"]
[EndTime "22:02:42"]
[Link "https://www.chess.com/game/live/76034382"]

1. e4 e6 2. Nf3 Ne7 3. e5 Rg8 4. d4 g6 5. c4 Bg7 6. Nc3 d6 7. Bf4 dxe5 8. dxe5 f6 9. Qxd8+ Kxd8 10. Rd1+ Ke8 11. c5 fxe5 12. Bxe5 Bxe5 13. Nxe5 Nf5 14. Bb5+ c6 15. Ba4 Na6 16. Bb3 Nxc5 17. O-O Nxb3 18. axb3 b5 19. Ne4 Ba6 20. Nc5 Bc8 21. g4 Ng7 22. f4 Ke7 23. f5 exf5 24. gxf5 gxf5 25. Rde1 Kf6 26. Ng4+ Kf7 27. Ne5+ Kf6 28. Ned7+ Bxd7 29. Nxd7+ Kf7 30. Ne5+ Kf6 31. Ng4+ Kf7 32. Nf2 Nh5+ 33. Ng4 Rxg4+ 34. Kh1 Rb4 35. Rxf5+ Kg6 36. Ref1 Rxb3 37. R5f2 a5 38. Rg1+ Kh6 39. Rf5 Ng7 40. Rf6+ Kh5 41. Rg3 Rxg3 42. hxg3 Re8 43. Rf4 Re1+ 44. Kg2 Re2+ 45. Kf3 Rh2 46. Rh4+ Rxh4 47. gxh4 Kxh4 48. Kf4 h5 49. Ke3 Ne6 50. Kf2 Nd4 51. Ke3 a4 52. Kxd4 b4 53. Kc4 a3 54. bxa3 bxa3 55. Kb3 a2 56. Kxa2 Kg4 57. Kb3 h4 58. Kc2 h3 59. Kd3 h2 60. Ke3 h1=Q 61. Kd2 c5 0-1

[Event "Live Chess"]
[Site "Chess.com"]
[Date "2010.12.10"]
[Round "-"]
[White "hipposcottimus"]
[Black "TigerPop"]
[Result "1-0"]
[CurrentPosition "r4rk1/b5p1/Pqp1P1nN/3p1b2/B7/2N3Q1/1PP2nPP/R1B1RK2 b - -"]
[Timezone "UTC"]
[ECO "C40"]
[ECOUrl "https://www.chess.com/openings/Kings-Pawn-Opening-Latvian-Mayet-Strautins-Gambit"]
[UTCDate "2010.12.10"]
[UTCTime "21:57:30"]
[WhiteElo "1687"]
[BlackElo "1559"]
[TimeControl "60"]
[Termination "hipposcottimus won on time"]
[StartTime "21:57:30"]
[EndDate "2010.12.10"]
[EndTime "21:59:23"]
[Link "https://www.chess.com/game/live/76033533"]

1. e4 e5 2. Nf3 f5 3. Bc4 b5 4. Bd5 c6 5. Bb3 d6 6. exf5 Bxf5 7. d3 d5 8. O-O Bc5 9. Re1 Nd7 10. d4 Bb6 11. dxe5 Be6 12. a4 a6 13. axb5 Ne7 14. bxa6 Ba7 15. Ba4 O-O 16. Ng5 Bf5 17. e6 Nf6 18. Nc3 h6 19. Nf7 Qb6 20. Qf3 Ng4 21. Qg3 Nxf2 22. Kf1 Ng6 23. Nxh6+ 1-0

[Event "Live Chess"]
[Site "Chess.com"]
[Date "2010.12.10"]
[Round "-"]
[White "rooktoorook"]
[Black "hipposcottimus"]
[Result "0-1"]
[CurrentPosition "8/pp6/8/8/kP6/2K5/8/8 w - -"]
[Timezone "UTC"]
[ECO "A40"]
[ECOUrl "https://www.chess.com/openings/Englund-Gambit-Declined-Reversed-French-Variation"]
[UTCDate "2010.12.10"]
[UTCTime "21:54:39"]
[WhiteElo "1389"]
[BlackElo "1682"]
[TimeControl "60"]
[Termination "hipposcottimus won on time"]
[StartTime "21:54:39"]
[EndDate "2010.12.10"]
[EndTime "21:56:58"]
[Link "https://www.chess.com/game/live/76032822"]

1. e3 e5 2. d4 e4 3. f3 d5 4. fxe4 dxe4 5. g3 f5 6. Bg2 Nf6 7. Nh3 Nc6 8. Nf4 Bd6 9. a3 O-O 10. c3 Qe8 11. O-O Be6 12. b3 Bf7 13. c4 Nh5 14. Nxh5 Bxh5 15. Qe1 Qg6 16. d5 Ne7 17. Bb2 c6 18. Bd4 cxd5 19. cxd5 Nxd5 20. Nc3 Be7 21. Nxd5 Bg5 22. Nf4 Bxf4 23. exf4 Bf3 24. Bxf3 exf3 25. Rxf3 Qg4 26. Qf2 Rad8 27. Rf1 Rxd4 28. Qxd4 Rd8 29. Qxd8+ Kf7 30. Qd7+ Kg6 31. R1f2 Kh5 32. Qd6 g6 33. Qe7 Qh3 34. Qxh7+ Kg4 35. Qxh3+ Kxh3 36. Rg2 Kg4 37. h3+ Kxf3 38. Rf2+ Kxg3 39. h4 Kxh4 40. Rh2+ Kg4 41. Rg2+ Kxf4 42. Rxg6 Ke5 43. Rg2 Ke4 44. Re2+ Kf4 45. Kf1 Kg5 46. Rf2 f4 47. Rd2 Kg4 48. Rd5 Kg3 49. Rf5 Kf3 50. Rxf4+ Kxf4 51. Ke2 Ke5 52. Kd3 Kd5 53. Kc3 Kc5 54. b4+ Kb5 55. a4+ Kxa4 0-1

[Event "Live Chess"]
[Site "Chess.com"]
[Date "2010.12.10"]
[Round "-"]
[White "hipposcottimus"]
[Black "ShunTymes"]
[Result "0-1"]
[CurrentPosition "1rb2b1r/1p2k2p/p3pB2/2P5/3n4/8/PPP2PPP/R4RK1 b - -"]
[Timezone "UTC"]
[ECO "B40"]
[ECOUrl "https://www.chess.com/openings/Sicilian-Defense-French-Variation"]
[UTCDate "2010.12.10"]
[UTCTime "21:53:14"]
[WhiteElo "1679"]
[BlackElo "2212"]
[TimeControl "60"]
[Termination "ShunTymes won by resignation"]
[StartTime "21:53:14"]
[EndDate "2010.12.10"]
[EndTime "21:54:01"]
[Link "https://www.chess.com/game/live/76032400"]

1. e4 e6 2. Nf3 c5 3. e5 Nc6 4. d4 Nge7 5. dxc5 d5 6. Nc3 d4 7. Nxd4 Qxd4 8. Qxd4 Nxd4 9. Bb5+ Nec6 10. O-O Nxb5 11. Nxb5 Rb8 12. Nc7+ Ke7 13. Nb5 a6 14. Bg5+ f6 15. exf6+ gxf6 16. Nd4 Nxd4 17. Bxf6+ 0-1

[Event "Live Chess"]
[Site "Chess.com"]
[Date "2010.12.10"]
[Round "-"]
[White "Hedmo461"]
[Black "hipposcottimus"]
[Result "0-1"]
[CurrentPosition "7k/pp2N2r/8/8/2p2P2/4b1R1/PP5r/R6K w - -"]
[Timezone "UTC"]
[ECO "A00"]
[ECOUrl "https://www.chess.com/openings/Kings-Fianchetto-Opening-1...e5-2.Bg2-d5-3.d3"]
[UTCDate "2010.12.10"]
[UTCTime "21:50:27"]
[WhiteElo "1478"]
[BlackElo "1679"]
[TimeControl "60"]
[Termination "hipposcottimus won by checkmate"]
[StartTime "21:50:27"]
[EndDate "2010.12.10"]
[EndTime "21:52:16"]
[Link "https://www.chess.com/game/live/76031612"]

1. g3 e5 2. Bg2 d5 3. d3 e4 4. f4 f5 5. dxe4 fxe4 6. e3 Nf6 7. Ne2 c5 8. O-O Nc6 9. c4 Be6 10. cxd5 Bxd5 11. Nbc3 c4 12. Bd2 Bc5 13. Qc2 O-O 14. Nxe4 Nb4 15. Qb1 Bxe4 16. Bxe4 Ng4 17. Bxh7+ Kh8 18. Bc3 Bxe3+ 19. Kg2 Nd5 20. Bxg7+ Kxg7 21. Qg6+ Kh8 22. Qxg4 Nxf4+ 23. gxf4 Rf7 24. Kh1 Rxh7 25. Rf3 Qe7 26. Ng3 Rg8 27. Nf5 Rxg4 28. Nxe7 Rgh4 29. Rg3 Rxh2# 0-1